 Dungeon Crawl Stone Soup version 0.22.1-2-g9c5b331 (webtiles) character file.

3143 Fang the Cleaver (level 9, -6/56 HPs)
             Began as a Gargoyle Berserker on Nov 27, 2018.
             Was an Elder of Trog.
             Mangled by Grum
             ... wielding a +0 spear of venom
              (11 damage)
             ... on level 8 of the Dungeon.
             The game lasted 00:10:30 (8040 turns).

Fang the Cleaver (Gargoyle Berserker)               Turns: 8040, Time: 00:10:30

Health: -6/56      AC: 10    Str: 24    XL:     9   Next: 93%
Magic:  9/9        EV: 13    Int: 12    God:    Trog [****..]
Gold:   254        SH:  0    Dex:  9    Spells: 8/8 levels left

rFire    . . .     SeeInvis .   m - +2 hand axe (holy)
rCold    . . .     Gourm    .   (no shield)
rNeg     + . .     Faith    .   h - +1 leather armour
rPois    ∞         Spirit   .   (no helmet)
rElec    +         Reflect  .   (no cloak)
rCorr    .         Harm     .   (no gloves)
MR       .....                  (no boots)
Stlth    ++........             (no amulet)
HPRegen  0.18/turn              (no ring)
MPRegen  0.11/turn              t - +4 ring of intelligence

@: no status effects
A: negative energy resistance 1, electricity resistance, unbreathing,
petrification resistance, rot immunity, AC +6
a: Berserk, Trog's Hand, Brothers in Arms, Renounce Religion


You were on level 8 of the Dungeon.
You worshipped Trog.
Trog was greatly pleased with you.
You were hungry.

You visited 2 branches of the dungeon, and saw 9 of its levels.

You collected 254 gold pieces.

Inventory:

Hand Weapons
 a - a +0 hand axe
 m - a +2 hand axe of holy wrath (weapon)
Armour
 h - a +1 leather armour (worn)
Jewellery
 t - a +4 ring of intelligence (right hand)
Wands
 e - a wand of iceblast (9)
 j - a wand of acid (12)
 o - a wand of digging (10)
 p - a wand of flame (28)
Scrolls
 d - 3 scrolls of teleportation
 f - a scroll of remove curse
 v - a scroll of blinking
 x - 3 scrolls of identify
 y - a scroll of fog
Potions
 b - 2 potions of agility
 g - 2 potions of resistance
 i - a potion of magic
 k - 4 potions of brilliance
 l - 2 potions of degeneration {unknown}
 n - 2 potions of haste
 q - a potion of lignification {unknown}
 r - a potion of berserk rage
 s - a potion of ambrosia {unknown}
 u - a potion of cancellation
 w - a potion of might {unknown}
Comestibles
 c - 11 rations


   Skills:
 + Level 6.8 Fighting
 + Level 9.6 Axes
 + Level 4.3 Armour
 + Level 4.9 Dodging
 + Level 3.4 Stealth


You had 8 spell levels left.
You didn't know any spells.
Your spell library was empty.

Dungeon Overview and Level Annotations

Branches:
Dungeon (8/15)             Temple (1/1) D:6
   Lair: D:8-11

Altars:
Cheibriados
Fedhas
Hepliaklqana
Nemelex Xobeh
Sif Muna
Vehumet
The Shining One

Shops:
D:7 [

Annotations:
D:8 Grum


Innate Abilities, Weirdness & Mutations

You are resistant to torment.
Your stone body is resilient. (AC +6)
You are immune to poison.
You resist negative energy. (rN+)
You are resistant to electric shocks. (rElec)
You can survive without breathing.
You are immune to petrification.
You are immune to rotting.


Message History

The wolf closely misses you. The scorpion stings you!
* * * LOW HITPOINT WARNING * * *
You are too injured to fight recklessly!
Unknown command.
You are too injured to fight recklessly!
Unknown command.
Okay, then.
The wolf barely misses you. The wolf bites you.
* * * LOW HITPOINT WARNING * * *
The wolf barely misses you. The wolf bites you but does no damage.
The wolf bites you.
* * * LOW HITPOINT WARNING * * *
An orc wizard comes into view. It is wielding a dagger.
The wolf closely misses you.
There is a stone staircase leading up here.
The wolf closely misses you. The wolf barely misses you. The wolf misses you.
The wolf bites you.
* * * LOW HITPOINT WARNING * * *
Grum hits you from afar with a spear of venom!
You die...

........##
.........##
..........#
..........#
..........##
...........#
.......g...#
......hhhs##
.......@..#
.......<..#
..........#
.........##
........##
.......##
.......
...o...


You could see Grum, 3 wolves, a scorpion and an orc wizard (wandering).

Vanquished Creatures
  Pikel (D:7)
  Grinder (D:6)
  Edmund (D:6)
  An orc warrior (D:7)
  A phantom (D:5)
  4 centaurs
  2 ogres (D:5)
  A wolf (D:8)
  6 scorpions
  A howler monkey (D:5)
  8 crimson imps
  A centaur zombie (D:5)
  2 quasits
  4 orc priests
  3 hounds
  6 orc wizards
  Jessica (D:2)
  2 centaur skeletons
  An iguana (D:5)
  9 worker ants
  A hound zombie (D:5)
  Robin (D:2)
  A howler monkey skeleton (D:6)
  A worker ant zombie (D:5)
  10 adders
  A shadow imp (D:7)
  An adder zombie (D:5)
  2 worms
  2 dart slugs
  2 leopard geckos
  25 orcs
  A ball python (D:2)
  7 giant cockroaches
  16 goblins
  4 hobgoblins
  12 jackals
  4 quokkas
  13 bats
  6 frilled lizards
  A jackal zombie (D:6)
  8 kobolds
  6 rats
  A fungus (D:7)
182 creatures vanquished.

Vanquished Creatures (collateral kills)
  A slave (D:7)
1 creature vanquished.

Vanquished Creatures (others)
  A fungus (D:7)
1 creature vanquished.

Grand Total: 184 creatures vanquished

Notes
Turn   | Place    | Note
-------+----------+-------------------------------------------
     0 | D:1      | Fang the Gargoyle Berserker began the quest for the Orb.
     0 | D:1      | Reached XP level 1. HP: 14/14 MP: 1/1
   243 | D:1      | Reached XP level 2. HP: 19/19 MP: 2/2
   560 | D:1      | Reached skill level 3 in Axes
   652 | D:2      | Reached XP level 3. HP: 16/24 MP: 3/3
   674 | D:2      | Noticed Robin
   684 | D:2      | Killed Robin
  1007 | D:2      | Reached ** piety under Trog
  1068 | D:2      | Reached XP level 4. HP: 12/29 MP: 4/4
  1835 | D:2      | Reached XP level 5. HP: 15/33 MP: 5/5
  2004 | D:2      | Noticed Jessica
  2014 | D:2      | Killed Jessica
  2014 | D:2      | Reached skill level 1 in Stealth
  2079 | D:2      | Reached skill level 4 in Axes
  2719 | D:3      | Found a faded altar of an unknown god.
  2782 | D:3      | Found a snail-covered altar of Cheibriados.
  3431 | D:4      | Reached XP level 6. HP: 34/39 MP: 6/6
  3494 | D:4      | Reached *** piety under Trog
  4173 | D:4      | Reached skill level 5 in Axes
  4184 | D:4      | Reached XP level 7. HP: 22/44 MP: 7/7
  4727 | D:5      | Entered Level 5 of the Dungeon
  4773 | D:5      | Reached skill level 5 in Fighting
  5160 | D:5      | Reached skill level 6 in Axes
  5465 | D:5      | Reached XP level 8. HP: 45/49 MP: 8/8
  5751 | D:5      | Found a sparkling altar of Nemelex Xobeh.
  5807 | D:5      | Found a glowing golden altar of the Shining One.
  6019 | D:5      | Reached skill level 7 in Axes
  6356 | D:6      | Noticed Grinder
  6382 | D:6      | Reached **** piety under Trog
  6399 | D:6      | Killed Grinder
  6399 | D:6      | Reached skill level 8 in Axes
  6399 | D:6      | Reached XP level 9. HP: 36/55 MP: 9/9
  6602 | D:6      | Noticed Edmund
  6618 | D:6      | Killed Edmund
  6720 | D:6      | Found a radiant altar of Vehumet.
  6860 | D:6      | Found a staircase to the Ecumenical Temple.
  7016 | Temple   | Entered the Ecumenical Temple
  7089 | D:7      | Found a blossoming altar of Fedhas.
  7336 | D:7      | Found Toosuser's Antique Armour Boutique.
  7405 | D:7      | Reached skill level 9 in Axes
  7497 | D:7      | Found the +7 Singing Sword
  7814 | D:7      | Noticed Pikel
  7823 | D:7      | Killed Pikel
  7867 | D:7      | Found a hazy altar of Hepliaklqana.
  7870 | D:7      | Found a deep blue altar of Sif Muna.
  8028 | D:8      | Noticed Grum
  8040 | D:8      | Mangled by Grum

Skill      XL: |  1  2  3  4  5  6  7  8  9 |
---------------+----------------------------+-----
Axes           | 3 4 5 6 8 9 |  9.6
Fighting       | 4 5 6 |  6.8
Dodging        | 2 3 4 |  4.9
Stealth        | 1 2 3 |  3.4
Armour         | 3 4 |  4.3

Action                   |  1- 3 |  4- 6 |  7- 9 || total
-------------------------+-------+-------+-------++-------
Melee: Hand axe          |    96 |   205 |   348 ||   649
       War axe           |       |    70 |       ||    70
Invok: Berserk           |     1 |     1 |     3 ||     5
       Brothers in Arms  |       |       |     1 ||     1
  Use: Scroll            |       |    14 |     5 ||    19
 Stab: Sleeping          |       |     2 |     3 ||     5
  Eat: Chunk             |     1 |     7 |    17 ||    25
       Ration            |       |     1 |       ||     1
Armor: Animal skin       |    17 |       |       ||    17
       Leather armour    |     7 |   119 |   128 ||   254
Dodge: Dodged            |    57 |   240 |   237 ||   534
